Map: Vaani Research Station (Void)

Players

DarowoonRace

  • Race: Protoss Protoss
  • League: Grandmaster
  • Spawn Location: 12:00

LiquidTLO (TLO) - Winner!

  • Race: Zerg Zerg
  • League: Grandmaster
  • Spawn Location: 6:00

VOD

https://youtu.be/CXzyBX5-09o

Description

Time

  • Played on: Jan. 9, 2017, 8:06 a.m.
  • Length: 4:08
Show
View Real Time Build Order
Export as new Build Order

DarowoonRace Protoss 

Build Orders: 1 Gate Expand 

Get SALT Encoding   

  12  0:01  Probe (Chrono Boost)  
  13  0:11  Probe (Chrono Boost)  
  14  0:18  Pylon  
  14  0:22  Probe (Chrono Boost)  
  15  0:36  Probe (Chrono Boost)  
  15  0:38  Gateway  
  16  0:43  Assimilator  
  16  0:46  Probe (Chrono Boost)  
  17  0:57  Probe (Chrono Boost)  
  18  1:08  Probe (Chrono Boost)  
  19  1:23  Nexus  
  19  1:27  Probe (Chrono Boost)  
  20  1:38  Cybernetics Core  
  20  1:42  Probe (Chrono Boost)  
  21  1:47  Assimilator  
  21  1:52  Probe (Chrono Boost)  
  22  1:56  Pylon  
  22  2:03  Probe (Chrono Boost)  
  23  2:11  Adept  
  26  2:17  Probe (Chrono Boost)  
  26  2:29  Probe (Chrono Boost)  
  27  2:30  Twilight Council  
  27  2:35  Probe (Chrono Boost)  
  28  2:37  Adept  
  28  2:41  Probe (Chrono Boost)  
  31  2:45  Probe (Chrono Boost)  
  32  2:53  Probe (Chrono Boost)  
  32  2:56  Probe (Chrono Boost)  
  32  2:58  Gateway  
  35  3:06  Probe (Chrono Boost)  
  35  3:07  Probe (Chrono Boost)  
  36  3:13  Adept  
  36  3:17  Probe (Chrono Boost)  
  36  3:19  Probe (Chrono Boost)  
  40  3:24  Gateway  
  40  3:28  Probe (Chrono Boost)  
  40  3:30  Pylon  
  42  3:35  Probe (Chrono Boost)  
  42  3:40  Probe (Chrono Boost)  
  43  3:47  Probe (Chrono Boost)  
  46  3:52  Pylon, Probe (Chrono Boost)  
Show
View Real Time Build Order
Export as new Build Order

LiquidTLO Zerg - Winner!

Build Orders: Hatch First 

Get SALT Encoding   

  12  0:01  Drone  
  13  0:13  Overlord  
  13  0:18  Drone  
  14  0:32  Drone  
  14  0:33  Drone  
  16  0:38  Drone  
  17  0:54  Hatchery  
  17  0:56  Drone  
  17  0:59  Drone  
  17  1:02  Extractor  
  17  1:15  Spawning Pool  
  16  1:19  Drone  
  16  1:22  Drone  
  18  1:28  Drone  
  19  1:40  Overlord  
  19  1:50  Drone  
  20  2:01  Queen  
  20  2:04  Drone  
  20  2:06  Metabolic Boost, Queen  
  25  2:11  Drone  
  25  2:15  Drone  
  27  2:17  Drone  
  27  2:22  Drone  
  29  2:37  Hatchery  
  29  2:41  Drone  
  29  2:43  Drone  
  30  2:45  Overlord  
  30  2:51  Zergling x2  
  30  2:52  Evolution Chamber  
  30  2:53  Zergling x2  
  30  2:57  Zergling x2  
  32  3:00  Zergling x2  
  33  3:06  Zergling x2  
  33  3:11  Overlord  
  34  3:15  Zergling x8  
  38  3:21  Zergling x2  
  38  3:22  Zergling x4  
  41  3:28  Queen  
  43  3:35  Zergling x4  
  43  3:36  Zergling x2  
  46  3:44  Zergling x2  
  46  3:45  Zergling x6  
  46  3:46  Overlord  
  50  3:49  Overlord  
Tags
 
Add a new tag
Caveats
  • Supply blocks, unpowered buildings, or Contaminate may cause inaccurate times.
  • Supply counts are checked every 10 seconds.